 Dungeon Crawl Stone Soup version 0.24.0-13-gcf9b319 (webtiles) character file.

Game seed: 8197927014012705168, levelgen mode: deterministic

104 Fang the Covered (level 4, -2/29 HPs)
             Began as a Gargoyle Fighter on Dec 16, 2019.
             Killed from afar by an orc wizard (8 damage)
             ... with a magic dart
             ... on level 3 of the Dungeon.
             The game lasted 00:00:49 (536 turns).

Fang the Covered (Gargoyle Fighter)                  Turns: 536, Time: 00:00:50

Health: -2/29      AC: 15    Str: 20    XL:     4   Next: 80%
Magic:  4/4        EV:  3    Int:  9    God:
Gold:   83         SH:  9    Dex:  9    Spells: 3/3 levels left

rFire    . . .     SeeInvis .   a - +0 war axe
rCold    . . .     Gourm    .   c - +0 shield
rNeg     + . .     Faith    .   b - +0 plate armour
rPois    ∞         Spirit   .   (no helmet)
rElec    +         Reflect  .   (no cloak)
rCorr    .         Harm     .   (no gloves)
MR       .....                  (no boots)
Stlth    ..........             (no amulet)
HPRegen  0.09/turn              (no ring)
MPRegen  0.09/turn              (no ring)

@: slowed, very slow
A: negative energy resistance 1, electricity resistance, unbreathing,
petrification resistance, rot immunity, AC +3
a: no special abilities


You were on level 3 of the Dungeon.
You were not hungry.

You visited 1 branch of the dungeon, and saw 3 of its levels.

You collected 83 gold pieces.

Inventory:

Hand Weapons
 a - a +0 war axe (weapon)
Armour
 b - a +0 plate armour (worn)
 c - a +0 shield (worn)
Scrolls
 e - a scroll of remove curse {unknown}
 h - 2 scrolls of teleportation {unknown}
 i - a scroll of identify {unknown}
 l - a scroll of blinking {unknown}
Potions
 d - a potion of might
 j - a potion of brilliance {unknown}
 k - a potion of berserk rage {unknown}
 m - a potion of heal wounds {unknown}
Comestibles
 f - 5 rations
 g - 8 chunks of flesh


   Skills:
 + Level 4.1 Fighting
 + Level 2.6 Axes
 + Level 4.1 Armour
 + Level 4.1 Shields


You had 3 spell levels left.
You didn't know any spells.
Your spell library was empty.

Dungeon Overview and Level Annotations

Branches:
Dungeon (3/15)

Altars:

Annotations:
D:3 3 runed translucent doors


Innate Abilities, Weirdness & Mutations

You are resistant to torment.
Your stone body is resilient. (AC +3)
You are immune to poison.
You resist negative energy. (rN+)
You are resistant to electric shocks. (rElec)
You can survive without breathing.
You are immune to petrification.
You are immune to rotting.


Message History

Your shield and plate armour prevent you from hitting the orc wizard.
You block the orc wizard's attack.
The orc wizard hits you but does no damage.
You hit the orc wizard.
The orc wizard hits you but does no damage.
The orc wizard hits you with a +0 dagger.
* * * LOW HITPOINT WARNING * * *
You hit the orc wizard but do no damage.
The orc wizard gestures at you while chanting.
You feel yourself slow down. The orc wizard casts a spell at you.
The magic dart hits you but does no damage.
The orc wizard hits you with a +0 dagger.
* * * LOW HITPOINT WARNING * * *
You closely miss the orc wizard. The orc wizard barely misses you.
The orc wizard mumbles some strange words.
The orc wizard blinks!
The orc wizard gestures at you while chanting.
The magic dart hits you!
You die...

...............
.o..............
..%.....(.......
................
................
.........?....<.
.......§........
#..))@....... ..
#..#.#.......
...#..#.########
............#####
................#
................#
........#.###...#
........#.###..##
........#.#....#


You could see an orc wizard.

Vanquished Creatures
  An orc priest (D:3)
  3 gnolls (D:2)
  An adder (D:3)
  A dart slug (D:1)
  2 leopard geckos (D:1)
  3 orcs (D:3)
  2 bats
  2 giant cockroaches
  3 goblins (D:1)
  4 hobgoblins
  3 jackals (D:1)
  3 frilled lizards (D:1)
  A kobold (D:1)
  3 rats (D:1)
32 creatures vanquished.

Notes
Turn   | Place    | Note
-------+----------+-------------------------------------------
     0 | D:1      | Fang the Gargoyle Fighter began the quest for the Orb.
     0 | D:1      | Reached XP level 1. HP: 14/14 MP: 1/1
    57 | D:1      | Reached XP level 2. HP: 19/19 MP: 2/2
   232 | D:1      | Reached XP level 3. HP: 19/23 MP: 3/3
   423 | D:1      | You fall into a shaft and drop 1 floor!
   475 | D:2      | Reached XP level 4. HP: 29/29 MP: 4/4
   485 | D:2      | You fall into a shaft and drop 1 floor!
   485 | D:3      | Found a runed translucent gate.
   485 | D:3      | Found a runed translucent gate.
   486 | D:3      | Found a runed translucent gate.
   486 | D:3      | Noticed a big kobold
   536 | D:3      | Killed from afar by an orc wizard

Levels and vault maps discovered:
D:1:      dpeg_arrival_arbitrary_b, layout_basic
D:2:      layout_rooms, lemuel_doored_altar, nemelex_altar_shiori
D:3:      layout_rooms, gammafunk_ghost_nasty_kobolds, uniq_terence

Skill      XL: |  1  2  3  4 |
---------------+-------------+-----
Axes           | 2 |  2.6
Armour         | 4 |  4.1
Fighting       | 4 |  4.1
Shields        | 4 |  4.1

Action                   |  1- 3 |  4- 6 || total
-------------------------+-------+-------++-------
Melee: War axe           |    83 |    15 ||    98
Armor: Scale mail        |    18 |       ||    18
       Plate armour      |    42 |    45 ||    87
Dodge: Dodged            |    19 |     5 ||    24
Block: Shield            |    42 |    21 ||    63
